 Dungeon Crawl Stone Soup version 0.23-a0-577-g2b1de94 (webtiles) character file.

114 Leeroy the Charmwright (level 4, -8/38 HPs)
             Began as a Gnoll Skald on Dec 15, 2018.
             Mangled by Crazy Yiuf
             ... wielding a +2 quarterstaff of chaos
              (9 damage)
             ... while paralysed by Crazy Yiuf
             ... on level 2 of the Dungeon.
             The game lasted 00:05:02 (1862 turns).

Leeroy the Charmwright (Gnoll Skald)                Turns: 1862, Time: 00:05:02

Health: -8/38      AC:  4    Str: 14    XL:     4   Next: 97%
Magic:  9/11       EV:  2    Int: 15    God:
Gold:   119        SH:  0    Dex: 15    Spells: 2/13 levels left

rFire    . . .     SeeInvis .   m - +1 whip (elec)
rCold    . . .     Gourm    .   (no shield)
rNeg     . . .     Faith    .   b - +0 leather armour
rPois    .         Spirit   .   l - +0 helmet
rElec    .         Reflect  .   (no cloak)
rCorr    .         Harm     .   (no gloves)
MR       .....                  (no boots)
Stlth    +.........             (no amulet)
HPRegen  0.12/turn              (no ring)
MPRegen  0.12/turn              (no ring)

@: paralysed, drained
A: distributed training, fangs 1, strong nose
a: no special abilities


You were on level 2 of the Dungeon.
You were not hungry.

You visited 1 branch of the dungeon, and saw 2 of its levels.

You collected 119 gold pieces.

Inventory:

Hand Weapons
 a - a +0 falchion
 c - a +0 short sword
 f - a +0 dagger
 g - a +2 whip of draining
 k - a +0 hunting sling
 m - a +1 whip of electrocution (weapon)
 r - a +0 spear
 s - a +0 halberd
 w - a +0 club
Missiles
 e - 51 stones (quivered)
 i - 39 sling bullets
 u - 9 poisoned needles
 x - 20 bolts
Armour
 b - a +0 leather armour (worn)
 l - a +0 helmet (worn)
Scrolls
 h - a scroll of immolation {unknown}
 n - a scroll of teleportation {unknown}
 q - 3 scrolls of amnesia {unknown}
 t - a scroll of magic mapping {unknown}
 v - a scroll of enchant armour {unknown}
 y - a scroll of identify {unknown}
Potions
 j - a potion of lignification {unknown}
 p - 2 potions of haste {unknown}
Comestibles
 d - 10 rations


   Skills:
 + Level 4.7(4.3) Fighting
 + Level 1.2(0.9) Short Blades
 + Level 4.7(4.3) Long Blades
 + Level 1.2(0.9) Axes
 + Level 1.2(0.9) Maces & Flails
 + Level 1.2(0.9) Polearms
 + Level 1.2(0.9) Staves
 + Level 1.2(0.9) Slings
 + Level 1.2(0.9) Bows
 + Level 1.2(0.9) Crossbows
 + Level 1.2(0.9) Throwing
 + Level 2.8(2.4) Armour
 + Level 4.7(4.3) Dodging
 + Level 1.2(0.9) Stealth
 + Level 1.2(0.9) Shields
 + Level 1.2(0.9) Unarmed Combat
 + Level 5.1(4.7) Spellcasting
 + Level 1.0(0.7) Conjurations
 + Level 1.0(0.7) Hexes
 + Level 5.5(5.1) Charms
 + Level 1.0(0.7) Summonings
 + Level 1.0(0.7) Necromancy
 + Level 1.0(0.7) Translocations
 + Level 1.0(0.7) Transmutations
 + Level 1.0(0.7) Fire Magic
 + Level 1.0(0.7) Ice Magic
 + Level 1.0(0.7) Air Magic
 + Level 1.0(0.7) Earth Magic
 + Level 1.0(0.7) Poison Magic
 + Level 1.4(1.0) Invocations
 + Level 1.2(0.9) Evocations


You had 2 spell levels left.
You knew the following spells:

 Your Spells              Type           Power        Failure   Level  Hunger
a - Infusion              Chrm           ###.         2%          1    None
b - Song of Slaying       Chrm           ###.....     3%          2    ##.....
c - Shroud of Golubria    Chrm/Tloc      ##........   10%         2    ##.....
d - Regeneration          Chrm/Necr      ##........   19%         3    ###....
e - Spectral Weapon       Hex/Chrm       ##......     19%         3    ###....

Your spell library contained the following spells:

 Spells                   Type           Power        Failure   Level  Hunger


Dungeon Overview and Level Annotations

Branches:
Dungeon (2/15)

Altars:

Annotations:
D:2 Crazy Yiuf


Innate Abilities, Weirdness & Mutations

Your experience applies equally to all skills.
You have very sharp teeth.
Your uncanny sense of smell can sniff out nearby items.


Message History

Crazy Yiuf the Enlightened comes into view.
He is wielding a +2 quarterstaff of
Found a mace.
Press: ? - help, v - describe, . - travel The floor.
Crazy Yiuf shouts!
Crazy Yiuf yells, "Iron!"
Crazy Yiuf grits, "Rot Orb Guardian stair!"
Cast which spell? (? or * to list) Space distorts slightly along a thin shroud covering your body.
Crazy Yiuf hits you with a +2 quarterstaff of chaos!
Your shroud falls apart!
You suddenly lose the ability to move!
Crazy Yiuf hits you with a +2 quarterstaff of chaos.
Crazy Yiuf burns you.
Crazy Yiuf hits you with a +2 quarterstaff of chaos! x2
* * * LOW HITPOINT WARNING * * *
You feel drained.
* * * LOW HITPOINT WARNING * * *
Crazy Yiuf hits you with a +2 quarterstaff of chaos!
You die...

#......#.## #....#########
###......#..########.............
..................[.............>
###......##.##..)#####..########.
#......#####)...# #..# #.
######## ##..## #..# #. ♣..P)♣
#..# #. ♣♣PP.♣ #..# #. ♣♣@♣♣ #..#
#. ♣♣g♣ #..########. ♣.♣♣
#........... ♣♣.♣ #.##########
♣.♣♣ #.# #'# #.# ... #.# #...#
#.# #)..# #.#


You could see Crazy Yiuf.

Vanquished Creatures
  An iguana (D:2)
  3 gnolls (D:2)
  An adder (D:2)
  An ooze (D:2)
  2 worms (D:2)
  A dart slug (D:2)
  2 leopard geckos
  2 giant cockroaches (D:1)
  4 goblins
  5 hobgoblins
  A quokka (D:2)
  3 bats
  2 frilled lizards (D:2)
  6 kobolds
  7 rats
41 creatures vanquished.

Notes
Turn   | Place    | Note
-------+----------+-------------------------------------------
     0 | D:1      | Leeroy the Gnoll Skald began the quest for the Orb.
     0 | D:1      | Reached XP level 1. HP: 20/20 MP: 6/6
   142 | D:1      | Reached XP level 2. HP: 24/26 MP: 7/7
  1054 | D:2      | Reached XP level 3. HP: 31/31 MP: 9/9
  1142 | D:2      | Reached skill level 5 in Spellcasting
  1202 | D:2      | Reached skill level 1 in Invocations
  1259 | D:2      | Reached skill level 1 in Short Blades
  1259 | D:2      | Reached skill level 1 in Axes
  1259 | D:2      | Reached skill level 1 in Maces & Flails
  1259 | D:2      | Reached skill level 1 in Polearms
  1259 | D:2      | Reached skill level 1 in Staves
  1259 | D:2      | Reached skill level 1 in Slings
  1259 | D:2      | Reached skill level 1 in Bows
  1259 | D:2      | Reached skill level 1 in Crossbows
  1259 | D:2      | Reached skill level 1 in Throwing
  1259 | D:2      | Reached skill level 1 in Stealth
  1259 | D:2      | Reached skill level 1 in Shields
  1259 | D:2      | Reached skill level 1 in Unarmed Combat
  1259 | D:2      | Reached skill level 1 in Evocations
  1259 | D:2      | Reached XP level 4. HP: 36/38 MP: 11/11
  1274 | D:2      | Learned a level 2 spell: Song of Slaying
  1277 | D:2      | Learned a level 2 spell: Shroud of Golubria
  1281 | D:2      | Learned a level 3 spell: Regeneration
  1285 | D:2      | Learned a level 3 spell: Spectral Weapon
  1301 | D:2      | Found a runed door.
  1590 | D:2      | Reached skill level 1 in Conjurations
  1590 | D:2      | Reached skill level 1 in Hexes
  1590 | D:2      | Reached skill level 1 in Summonings
  1590 | D:2      | Reached skill level 1 in Necromancy
  1590 | D:2      | Reached skill level 1 in Translocations
  1590 | D:2      | Reached skill level 1 in Transmutations
  1590 | D:2      | Reached skill level 1 in Fire Magic
  1590 | D:2      | Reached skill level 1 in Ice Magic
  1590 | D:2      | Reached skill level 1 in Air Magic
  1590 | D:2      | Reached skill level 1 in Earth Magic
  1590 | D:2      | Reached skill level 1 in Poison Magic
  1849 | D:2      | Noticed Crazy Yiuf
  1858 | D:2      | Paralysed by Crazy Yiuf for 5 turns
  1861 | D:2      | HP: 1/38 [Crazy Yiuf/+2 quarterstaff of chaos (6)]
  1862 | D:2      | Mangled by Crazy Yiuf

Vault maps used:
D:1:      grunt_arrival_crossed_arrows
D:2:      uniq_crazy_yiuf_cottage

Skill      XL: |  1  2  3  4 |
---------------+-------------+-----
Spellcasting   | 5 |  5.1
Invocations    | 1 |  1.4
Short Blades   | 1 |  1.2
Axes           | 1 |  1.2
Maces & Flails | 1 |  1.2
Polearms       | 1 |  1.2
Staves         | 1 |  1.2
Slings         | 1 |  1.2
Bows           | 1 |  1.2
Crossbows      | 1 |  1.2
Throwing       | 1 |  1.2
Stealth        | 1 |  1.2
Shields        | 1 |  1.2
Unarmed Combat | 1 |  1.2
Evocations     | 1 |  1.2
Conjurations   | 1 |  1.0
Hexes          | 1 |  1.0
Summonings     | 1 |  1.0
Necromancy     | 1 |  1.0
Translocations | 1 |  1.0
Transmutations | 1 |  1.0
Fire Magic     | 1 |  1.0
Ice Magic      | 1 |  1.0
Air Magic      | 1 |  1.0
Earth Magic    | 1 |  1.0
Poison Magic   | 1 |  1.0
Fighting       | |  4.7
Long Blades    | |  4.7
Armour         | |  2.8
Dodging        | |  4.7
Charms         | |  5.5

Action                   |  1- 3 |  4- 6 || total
-------------------------+-------+-------++-------
Melee: Falchion          |    66 |       ||    66
       Bite              |     9 |     2 ||    11
       Whip              |    22 |    33 ||    55
 Cast: Shroud of Golubri |       |     1 ||     1
 Stab: Sleeping          |       |     1 ||     1
  Eat: Chunk             |     1 |     2 ||     3
Armor: Leather armour    |    17 |     7 ||    24
Dodge: Dodged            |    60 |    23 ||    83
       Rpst.: Falchion   |    13 |       ||    13

Table legend:
 A = Non-vault XP
 B = Vault XP
 C = Vault XP percentage of total XP
 D = Non-vault monster count
 E = Vault monster count
 F = Vault count percentage of total count
                 A         B        C        D         E       F
            +---------+---------+-------+---------+---------+-------
      Total |     163 |       0 |   0.0 |      41 |       0 |   0.0
            +---------+---------+-------+---------+---------+-------
        D:1 |      28 |       0 |   0.0 |      18 |       0 |   0.0
        D:2 |     135 |       0 |   0.0 |      23 |       0 |   0.0
            +---------+---------+-------+---------+---------+-------
